 Dungeon Crawl Stone Soup version 0.27.0 (webtiles) character file.

Game seed: 6628904440297394118

62 backslashecho the Skirmisher (level 4, 0/43 HPs)
             Began as a Gargoyle Berserker on July 31, 2021.
             Was a Believer of Trog.
             Slain by a rat (2 damage)
             ... on level 3 of the Dungeon.
             The game lasted 00:03:06 (2448 turns).

backslashecho the Skirmisher (Gargoyle Berserker)   Turns: 2448, Time: 00:03:06

Health: 0/43       AC:  5    Str: 21    XL:     4   Next: 8%
Magic:  4/4        EV: 11    Int:  8    God:    Trog [**....]
Gold:   99         SH:  0    Dex:  9    Spells: 3/3 levels left

rFire    . . .     SeeInvis .   a - +0 hand axe
rCold    . . .     Faith    .   (no shield)
rNeg     + . .     Spirit   .   b - +0 animal skin
rPois    ∞         Reflect  .   (no helmet)
rElec    +         Harm     .   (no cloak)
rCorr    .         Rampage  .   (no gloves)
Will     .....                  (no boots)
Stlth    ..........             (no amulet)
HPRegen  0.14/turn              (no ring)
MPRegen  0.09/turn              (no ring)

@: berserking, very quick
A: sickness immunity, AC +3, negative energy resistance 1, electricity
resistance, torment resistance 1, petrification resistance
a: Renounce Religion, Berserk, Trog's Hand


You were on level 3 of the Dungeon.
You worshipped Trog.
Trog was pleased with you.
You visited 1 branch of the dungeon, and saw 3 of its levels.

You collected 99 gold pieces.

Inventory:

Hand Weapons
 a - a +0 hand axe (weapon)
Armour
 b - a +0 animal skin (worn)
 f - a +0 tower shield
Scrolls
 c - a scroll of amnesia {unknown}
 d - 3 scrolls of identify {unknown}
Potions
 e - 2 potions of might {unknown}
 g - 2 potions of haste {unknown}
 h - a potion of resistance {unknown}


   Skills:
 + Level 3.8 Fighting
 * Level 3.5 Axes
 + Level 2.8 Armour
 - Level 1.5 Dodging
 - Level 1.0 Unarmed Combat


You had 3 spell levels left.
You didn't know any spells.
Your spell library was empty.

Dungeon Overview and Level Annotations

Branches:
Dungeon (3/15)

Altars:


Innate Abilities, Weirdness & Mutations

You are immune to sickness and miasma.
Your stone body is resilient. (AC +3)
You are immune to poison.
You resist negative energy. (rN+)
You are resistant to electric shocks. (rElec)
You are resistant to unholy torment.
You are immune to petrification.


Message History

The rat misses you.
You now have 11/43 hp.
You are too injured to fight recklessly!
You are too injured to fight recklessly!
You are too injured to fight recklessly!
Unknown command.
You barely miss the orc.
The orc is heavily wounded.
You slash the orc!
You kill the orc!
Trog accepts your kill.
You closely miss the rat. You slash the quokka!
You feel the power of Trog in you as your rage grows.
You kill the quokka!
Trog accepts your kill.
You slash the bat!
You kill the bat!
Trog accepts your kill.
You hit the orc. The orc hits you but does no damage.
Unknown command.
You barely miss the orc.
The orc is heavily wounded.
You slash the rat!
You kill the rat!
Trog accepts your kill.
You barely miss the rat. You hit the orc but do no damage.
The orc hits you with a +0 hand axe.
* * * LOW HITPOINT WARNING * * *
The rat bites you but does no damage.
You take 2 damage, and have 9/43 hp.
Unknown command.
You closely miss the orc.
The orc is heavily wounded.
You barely miss the rat. You closely miss the orc.
The orc hits you with a +0 club.
* * * LOW HITPOINT WARNING * * *
The orc hits you with a +0 hand axe.
* * * LOW HITPOINT WARNING * * *
The rat bites you.
You die...

...##.## #..#...##
###.......# ..........
....... #....
.##.#.)o############
.....?r@o..........#
###.#.††..PP######.#####
.......P...# #........
##.#......P# #........
...........# #.#(#####
..###......## #.#.# .
##.###.# #.#.### #. #.#
#...>.### #.#.#...#


You could see 2 orcs and a rat.

Vanquished Creatures
  A gnoll (D:1)
  An adder (D:2)
  A dart slug (D:1)
  2 orcs (D:3)
  2 endoplasms
  4 goblins
  2 hobgoblins (D:1)
  3 jackals (D:1)
  4 quokkas
  5 ball pythons
  4 bats
  A frilled lizard (D:1)
  3 kobolds
  5 rats
38 creatures vanquished.

Notes
Turn   | Place    | Note
-------+----------+-------------------------------------------
     0 | D:1      | backslashecho the Gargoyle Berserker began the quest for
                  | the Orb.
     0 | D:1      | Reached XP level 1. HP: 14/14 MP: 1/1
   113 | D:1      | Reached XP level 2. HP: 19/19 MP: 2/2
  1045 | D:1      | Found a faded altar of an unknown god.
  1056 | D:1      | Reached skill level 1 in Unarmed Combat
  1056 | D:1      | Reached XP level 3. HP: 13/24 MP: 3/3
  1561 | D:2      | Reached ** piety under Trog
  2445 | D:3      | Reached XP level 4. HP: 11/29 MP: 4/4
  2448 | D:3      | HP: 2/43 [orc (3)]
  2448 | D:3      | Slain by a rat

Illustrated notes

Levels and vault maps discovered:
D:1:      dpeg_arrival_stone_temple_mockup, layout_basic,
          ebering_ecumenical_altar_hall, minmay_door_square
D:2:      layout_basic, kennysheep_generic_room_4
D:3:      layout_loops_ring, nicolae_hepliaklqana_hazy_memory, serial_undead,
          serial_undead_f, serial_undead_b, serial_undead_b, serial_undead_a

Skill      XL: |  1  2 |
---------------+-------+-----
Axes           | 3 |  3.5
Unarmed Combat | 1 |  1.0
Fighting       | |  3.8
Armour         | |  2.8
Dodging        | |  1.5

Action                   |  1- 3 |  4- 6 || total
-------------------------+-------+-------++-------
Melee: Hand axe          |   111 |     3 ||   114
       Punch             |     1 |       ||     1
Invok: Berserk           |       |     1 ||     1
Armor: Animal skin       |    49 |     3 ||    52
Dodge: Dodged            |    84 |     4 ||    88
